 Dungeon Crawl Stone Soup version 0.31-a0-236-g9a0961fb85 (webtiles) character file.

Game seed: 13138269033380334088

108 qw the Shooter (level 4, -4/36 HPs)
             Began as a Minotaur Hexslinger on July 10, 2023.
             Slain by Sigmund
             ... wielding a +0 scythe
              (11 damage)
             ... on level 3 of the Dungeon.
             The game lasted 00:00:38 (2204 turns).

qw the Shooter (Minotaur Hexslinger)                Turns: 2204, Time: 00:00:39

Health: -4/36      AC:  3    Str: 12    XL:     4   Next: 58%
Magic:  4/4        EV: 12    Int: 10    God:
Gold:   74         SH:  0    Dex: 15    Spells: 4/5 levels left

rFire   . . .        Y - +3 sling
rCold   . . .        (no shield)
rNeg    . . .        (no body armour)
rPois   .            (helmet restricted)
rElec   .            (no cloak)
rCorr   .            (no gloves)
SInv    .            e - +2 pair of boots
Will    .....        (no amulet)
Stlth   +            (no ring)
HPRegen 0.26/turn    (no ring)
MPRegen 0.09/turn

%: no passive effects
@: no status effects
A: horns 2, retaliatory headbutt
a: no special abilities


You were on level 3 of the Dungeon.
You visited 1 branch of the dungeon, and saw 3 of its levels.

You collected 74 gold pieces.


Innate Abilities, Weirdness & Mutations

You have a pair of horns on your head.
You reflexively headbutt those who attack you in melee.


   Skills:
 + Level 2.0 Fighting
 - Level 5.1 Ranged Weapons
 - Level 2.1 Dodging
 - Level 1.0 Spellcasting
 - Level 2.0 Hexes


You had 4 spell levels left.
You knew the following spells:

 Your Spells              Type           Power      Damage    Failure   Level
a - Slow                  Hex            16%        N/A       16%         1

Your spell library contained the following spells:

 Spells                   Type           Power      Damage    Failure   Level
 Inner Flame              Hex/Fire       2%         N/A       56%         3
 Portal Projectile        Hex/Tloc       4%         N/A       56%         3
 Cause Fear               Hex            2%         N/A       83%         4

Inventory:

Hand Weapons
 Y - a +3 sling (weapon)
Armour
 c - a +0 robe
 e - a +2 pair of boots (worn)
 f - a +0 leather armour
Scrolls
 g - a scroll of identify {unknown}
Potions
 a - 2 potions of haste {unknown}
 b - a potion of ambrosia {unknown}
 d - a potion of invisibility {unknown}
 h - a potion of brilliance {unknown}
 i - a potion of curing {unknown}

Dungeon Overview and Level Annotations

Branches:
Dungeon (3/15)

Altars:

Annotations:
D:3 Sigmund


Message History

Enter note:
Enter note: You shoot a sling bullet.
The sling bullet hits Sigmund!
Sigmund shouts!
Sigmund is moderately wounded.
You shoot a sling bullet. The sling bullet barely misses Sigmund.
Sigmund points at you and mumbles some strange words.
You are confused.
Sigmund hits you from afar with a +0 scythe!
You feel less confused. Sigmund barely misses you.
You shoot a sling bullet. The sling bullet barely misses Sigmund.
You shoot a sling bullet. The sling bullet hits Sigmund.
Sigmund is heavily wounded.
Sigmund hits you from afar with a +0 scythe!
Enter note:
Enter note:
Enter note:
Enter note:
Enter note:
Enter note:
2197 ||| UPGRADING to +0 leather armour.
Sigmund casts a spell at you.
You stop removing your armour.
The magic dart hits you.
2198 ||| UPGRADING to +0 leather armour.
Sigmund barely misses you.
You start removing your armour.
You continue taking off your +0 robe. x2
Sigmund closely misses you.
You continue taking off your +0 robe.
Sigmund barely misses you.
You continue taking off your +0 robe.
You finish taking off your +0 robe.
You start putting on your armour.
You continue putting on your +0 leather armour.
Sigmund points at you and mumbles some strange words.
Keep equipping yourself?
The puff of flame hits you!
You continue putting on your +0 leather armour.
Sigmund hits you from afar with a +0 scythe!
You die...

#.#######.#
#.#.############# #.#
#.# #.#.............#
##'##
#.######.#############.#
....#
#........#..........##'#
....#
#######..)......#.......
....# #.##.####.#.#.....
....# #.##.##.....#.....
....# #.##.##.#...#.....
#####
#####@##.##.#...#.....
....
.....@.....##.#.###.####
###
.....###..###.#.....# #
.... ##..##.#.##### ###
... ##..#.......#
..##### ..
######.#######.####
#.....+ .
+..................
#######
######..####.###### #
##.## #.#.....


You could see Sigmund.

Vanquished Creatures
  An iguana (D:3)
  Natasha (D:2)
  An adder (D:1)
  3 worms
  2 dart slugs (D:1)
  2 orcs (D:3)
  7 bats
  4 endoplasms
  A giant cockroach (D:1)
  A goblin (D:2)
  3 hobgoblins
  3 ball pythons
  3 frilled lizards
  A kobold (D:1)
  4 rats
37 creatures vanquished.

Notes
Turn   | Place    | Note
-------+----------+-------------------------------------------
     0 | D:1      | qw the Minotaur Hexslinger began the quest for the Orb.
     0 | D:1      | Reached XP level 1. HP: 16/16 MP: 1/1
     0 | D:1      | 0 ||| qw: Version: 0.3-a-52-g30416fa
     0 | D:1      | 0 ||| qw: Game counter: 4749
     0 | D:1      | 0 ||| qw: Melee chars always use a shield: true
     0 | D:1      | 0 ||| qw: God list: Okawaru
     0 | D:1      | 0 ||| qw: Allow faded altars: false
     0 | D:1      | 0 ||| qw: Do Orc after clearing Dungeon:15 true
     0 | D:1      | 0 ||| qw: Do second Lair branch before Depths: true
     0 | D:1      | 0 ||| qw: Lair rune preference: random
     0 | D:1      | 0 ||| qw: Goals: Normal
     0 | D:1      | 0 ||| PLANNING D:1-11
    82 | D:1      | Reached skill level 3 in Ranged Weapons
    82 | D:1      | Reached XP level 2. HP: 13/23 MP: 2/2
   570 | D:1      | 570 ||| READING scroll labelled APUAMM LAPE.
   571 | D:1      | 571 ||| READING scroll labelled ZIKKEKLUIQ.
   572 | D:1      | 572 ||| READING scroll labelled FUTHAK KUSTRY.
   573 | D:1      | 573 ||| READING scroll labelled NOZOGY OHOYPONUAN.
   574 | D:1      | 574 ||| DROPPING scroll of poison.
   627 | D:2      | 627 ||| FLEEEEING.
   628 | D:2      | 628 ||| STAIRDANCE
   668 | D:2      | 668 ||| STAIRDANCE
   672 | D:1      | Reached XP level 3. HP: 20/29 MP: 3/3
   858 | D:2      | Found a faded altar of an unknown god.
  1012 | D:2      | Noticed Natasha
  1019 | D:2      | Killed Natasha
  1020 | D:2      | Reached skill level 4 in Ranged Weapons
  1288 | D:2      | Reached XP level 4. HP: 36/36 MP: 4/4
  1764 | D:2      | 1764 ||| UPGRADING to +2 pair of boots.
  1769 | D:2      | 1769 ||| READING scroll labelled GUSIOHAPLI.
  1770 | D:2      | 1770 ||| READING scroll labelled ZYPHUA GYAN.
  1921 | D:3      | 1921 ||| READING scroll of enchant weapon.
  1921 | D:3      | 1921 ||| ENCHANTING +2 sling.
  1979 | D:3      | Reached skill level 5 in Ranged Weapons
  2187 | D:3      | Noticed Sigmund
  2197 | D:3      | 2197 ||| UPGRADING to +0 leather armour.
  2198 | D:3      | 2198 ||| UPGRADING to +0 leather armour.
  2203 | D:3      | HP: 7/36 [Sigmund/puff of flame (9)]
  2204 | D:3      | Slain by Sigmund

Levels and vault maps discovered:
D:1:      dpeg_arrival_orchard, layout_rooms, serial_curves, eino_curves_02,
          eino_curves_03, eino_curves_01
D:2:      layout_basic, ebering_ecumenical_altar_hall, moated_statue,
          kennysheep_boxes, uniq_natasha
D:3:      layout_basic, uniq_sigmund

Skill      XL: |  1  2  3  4 |
---------------+-------------+-----
Ranged Weapons | 3 4 5 |  5.1
Fighting       | 2 |  2.0
Dodging        | |  2.1
Spellcasting   | |  1.0
Hexes          | |  2.0

Action                     |  1- 3 |  4- 6 || total
---------------------------+-------+-------++-------
   Fire: Sling             |    93 |    27 ||   120
    Use: Scroll            |     4 |     3 ||     7
 Armour: Robe              |     6 |       ||     6
  Dodge: Dodged            |    23 |     7 ||    30

Table legend:
 A = Non-vault XP
 B = Vault XP
 C = Vault XP percentage of total XP
 D = Non-vault monster count
 E = Vault monster count
 F = Vault count percentage of total count
                 A         B        C        D         E       F
            +---------+---------+-------+---------+---------+-------
      Total |     119 |      36 |  23.2 |      36 |       1 |   2.7
            +---------+---------+-------+---------+---------+-------
        D:1 |      39 |       0 |   0.0 |      16 |       0 |   0.0
        D:2 |      28 |      36 |  56.2 |      13 |       1 |   7.1
        D:3 |      52 |       0 |   0.0 |       7 |       0 |   0.0
            +---------+---------+-------+---------+---------+-------
